 Dungeon Crawl Stone Soup version 0.30-a0-728-gc68057be0a (webtiles) character file.

Game seed: 4955458462123635336

542 kae the Digger (level 7, -3/36 HPs)
             Began as a Gargoyle Earth Elementalist on Jan 30, 2023.
             Slain by Pikel
             ... wielding a +0 whip of flaming
              (16 damage)
             ... on level 4 of the Dungeon.
             The game lasted 00:03:59 (3018 turns).

kae the Digger (Gargoyle Earth Elementalist)        Turns: 3018, Time: 00:03:59

Health: -3/36      AC:  7    Str: 12    XL:     7   Next: 27%
Magic:  5/13       EV: 11    Int: 17    God:
Gold:   37         SH:  0    Dex: 10    Spells: 8/14 levels left

rFire   . . .      SeeInvis .    c - +1 dagger
rCold   . . .      Faith    .    (no shield)
rNeg    + . .      Spirit   .    a - +1 robe
rPois   ∞          Reflect  .    (no helmet)
rElec   +          Harm     .    (no cloak)
rCorr   .          Rampage  .    (no gloves)
Will    .....                    (no boots)
Stlth   ++                       A - amulet of the acrobat
HPRegen 0.26/turn                (no ring)
MPRegen 0.13/turn                (no ring)

@: no status effects
A: sickness immunity, AC +4, negative energy resistance 1, electricity
resistance, torment resistance 1, petrification resistance
a: no special abilities


You were on level 4 of the Dungeon.
You visited 1 branch of the dungeon, and saw 4 of its levels.

You collected 54 gold pieces.
You spent 17 gold pieces at shops.


Innate Abilities, Weirdness & Mutations

You are immune to sickness and miasma.
Your stone body is resilient. (AC +4)
You are immune to poison.
You resist negative energy. (rN+)
You are resistant to electric shocks. (rElec)
You are resistant to unholy torment.
You are immune to petrification.


   Skills:
 - Level 1.5 Dodging
 - Level 2.1 Stealth
 + Level 4.1 Spellcasting
 + Level 2.2 Conjurations
 - Level 0.7 Transmutations
 * Level 7.9 Earth Magic


You had 8 spell levels left.
You knew the following spells:

 Your Spells              Type           Power      Damage    Failure   Level
a - Sandblast             Erth           60%        2d14      1%          1
b - Passwall              Tmut/Erth      15%        N/A       4%          2
c - Stone Arrow           Conj/Erth      40%        3d9       6%          3

Your spell library contained the following spells:

 Spells                   Type           Power      Damage    Failure   Level
 Freeze                   Ice            12%        1d3       16%         1
 Petrify                  Tmut/Erth      18%        N/A       26%         4
 Hailstorm                Conj/Ice       7%         3d4       30%         3
 Ignite Poison            Fire/Tmut/Pois 4%         N/A       38%         3
 Frozen Ramparts          Ice            6%         1d1       43%         3
 Kindle Blastsparks       Fire/Tloc/Air  6%         2d10      43%         3
 Freezing Cloud           Conj/Ice/Air   3%         6-21      97%         5

Inventory:

Hand Weapons
 c - a +1 dagger (weapon)
   (You took it off a kobold on level 1 of the Dungeon)
Missiles
 b - 49 stones
Armour
 a - a +1 robe (worn)
Jewellery
 A - an amulet of the acrobat (around neck)
   (You found it on level 1 of the Dungeon)
 R - a ring of resist corrosion
   (You took it off a goblin on level 4 of the Dungeon)
Scrolls
 g - a scroll of immolation {!r!r}
 j - a scroll of poison
 m - 3 scrolls of teleportation {@r4}
Potions
 d - a potion of curing {@q1}
 e - a potion of flight {unknown}
 f - 2 potions of lignification {unknown}
 h - a potion of mutation {unknown}
 i - a potion of brilliance {unknown}
 k - a potion of degeneration {unknown}
 l - 2 potions of ambrosia {unknown}
 n - 2 potions of magic
 p - a potion of heal wounds {unknown}

Dungeon Overview and Level Annotations

Branches:
Dungeon (4/15) Zot: 20905
 Temple: D:4-7

Altars:
Kikubaaqudgha
Qazlal

Shops:
D:2 *

Annotations:
D:3 2 transporters, 1 runed translucent door, Crazy Yiuf; julianmaster's ghost, amateur HOSu
D:4 Pikel

#.# #..# #.# #..#
#.# #..# #.# ..#
#.###..##
#.#####........
.###............#.
.....†####....###
.....55K@.?....#
###########.#..#
.#..# ......
##..##. . .


You could see Pikel (strong) and 2 lemures.


Message History

Casting: Sandblast (safe; 1% risk of failure)
Confirm with . or Enter, or press ? or * to list all spells.
Aiming: Sandblast (safe; 1% risk of failure)
Press: ? - help, Shift-Dir - straight line, f - Pikel
Aim: Pikel, wielding a +0 whip of flaming, wearing a +0 robe and carrying a wand of charming (6) (wandering, hasn't noticed you, 80% to hit)
The blast of sand hits Pikel.
Pikel shouts!
You hear a shout! x3
Pikel zaps a wand.
You resist with some effort. 😎 MP[-1]
You lost 1 mp, and now have 11/13 mp.
Pikel zaps a wand.
You resist with some effort.
Casting: Sandblast (safe; 1% risk of failure)
Confirm with . or Enter, or press ? or * to list all spells.
Aiming: Sandblast (safe; 1% risk of failure)
Press: ? - help, Shift-Dir - straight line, f/p - Pikel
Aim: Pikel, wielding a +0 whip of flaming, wearing a +0 robe and carrying a wand of charming (4) (lightly wounded, 80% to hit)
The blast of sand misses Pikel.
A lemure comes into view. 😎 MP[-1]
You lost 1 mp, and now have 10/13 mp.
Casting: Sandblast (safe; 1% risk of failure)
Confirm with . or Enter, or press ? or * to list all spells.
Aiming: Sandblast (safe; 1% risk of failure)
Press: ? - help, Shift-Dir - straight line, f/p - Pikel
Aim: Pikel, wielding a +0 whip of flaming, wearing a +0 robe and carrying a wand of charming (4) (lightly wounded, 80% to hit)
The blast of sand hits Pikel but does no damage.
Pikel zaps a wand.
You resist with some effort. 😎 MP[-1]
You lost 1 mp, and now have 9/13 mp.
Casting: Sandblast (safe; 1% risk of failure)
Confirm with . or Enter, or press ? or * to list all spells.
Aiming: Sandblast (safe; 1% risk of failure)
Press: ? - help, Shift-Dir - straight line, f/p - Pikel
Aim: Pikel, wielding a +0 whip of flaming, wearing a +0 robe and carrying a wand of charming (3) (lightly wounded, 80% to hit)
The blast of sand hits Pikel.
Pikel zaps a wand.
You resist with some effort.
Pikel drinks a potion.
Pikel seems to grow stronger.
Casting: Sandblast (safe; 1% risk of failure)
Confirm with . or Enter, or press ? or * to list all spells.
Aiming: Sandblast (safe; 1% risk of failure)
Press: ? - help, Shift-Dir - straight line, f - Pikel
Aim: Pikel, wielding a +0 whip of flaming, wearing a +0 robe and carrying a wand of charming (2) (moderately wounded, strong, 80% to hit)
The blast of sand misses Pikel. 😎 MP[-1]
You lost 1 mp, and now have 8/13 mp.
Unknown command.
Casting: Sandblast (safe; 1% risk of failure)
Confirm with . or Enter, or press ? or * to list all spells.
Aiming: Sandblast (safe; 1% risk of failure)
Press: ? - help, Shift-Dir - straight line, f/p - Pikel
Aim: Pikel, wielding a +0 whip of flaming, wearing a +0 robe and carrying a wand of charming (2) (moderately wounded, strong, 80% to hit)
The blast of sand hits Pikel.
Pikel zaps a wand.
You resist with some effort.
A lemure comes into view.
Pikel cracks his whip.
Pikel zaps a wand.
Your will is overpowered!
You are confused.
The now-empty wand crumbles to dust.
You're too confused to cast spells. 😎 MP[-1]
You lost 1 mp, and now have 7/13 mp.
You're too confused to cast spells.
You're too confused to cast spells.
You're too confused to cast spells.
You're too confused to cast spells.
You're too confused to cast spells.
Unknown command.
Unknown command.
You feel better. Pikel barely misses you.
Casting: Sandblast (safe; 1% risk of failure)
Confirm with . or Enter, or press ? or * to list all spells.
Aiming: Sandblast (safe; 1% risk of failure)
Press: ? - help, Shift-Dir - straight line, f/p - Pikel
Aim: Pikel, wielding a +0 whip of flaming and wearing a +0 robe (heavily wounded, strong, 80% to hit)
The blast of sand hits Pikel.
Pikel hits you with a +0 whip of flaming!
Pikel burns you. 😮 HP[-9] MP[-1]
You take 9 damage, and now have 27/36 hp.
MASSIVE DAMAGE!! (PAUSE)
You lost 1 mp, and now have 6/13 mp.
Casting: Sandblast (safe; 1% risk of failure)
Confirm with . or Enter, or press ? or * to list all spells.
Aiming: Sandblast (safe; 1% risk of failure)
Press: ? - help, Shift-Dir - straight line, f/p - Pikel
Aim: Pikel, wielding a +0 whip of flaming and wearing a +0 robe (heavily wounded, strong, 80% to hit)
The blast of sand hits Pikel!
Pikel hits you with a +0 whip of flaming!
* * * LOW HITPOINT WARNING * * *
Pikel burns you.
* * * LOW HITPOINT WARNING * * *
Pikel hits you with a +0 whip of flaming!
You die...

Skill      XL: |  1  2  3  4  5  6  7 |
---------------+----------------------+-----
Earth Magic    | 4 5 6 7 |  7.9
Spellcasting   | 3 4 |  4.1
Conjurations   | 1 2 |  2.2
Dodging        | |  1.5
Stealth        | |  2.1
Transmutations | |  0.7

Action                     |  1- 3 |  4- 6 |  7- 9 || total
---------------------------+-------+-------+-------++-------
  Melee: Unarmed           |    17 |       |       ||    17
         Dagger            |     4 |     2 |       ||     6
   Cast: Sandblast         |    46 |    65 |    21 ||   132
    Use: Scroll            |     5 |     5 |       ||    10
         Potion            |     1 |       |     1 ||     2
 Armour: Robe              |    19 |    16 |     1 ||    36
  Dodge: Dodged            |    37 |    40 |     4 ||    81

Levels and vault maps discovered:
D:1:      lightli_arrival_noodles, layout_rooms
D:2:      layout_basic, serial_shops, shop
D:3:      layout_loops_ring, kennysheep_vampire_church,
          nicolae_qazlal_style_of_elements, gammafunk_ghost_stat_death,
          minmay_quantized, uniq_crazy_yiuf_cottage, uniq_natasha
D:4:      layout_loops_ring, serial_demonic, serial_demonic_f, serial_demonic_g,
          serial_demonic_c, serial_demonic_d, kennysheep_generic_room_7,
          uniq_pikel

Notes
Turn   | Place    | Note
-------+----------+-------------------------------------------
     0 | D:1      | kae the Gargoyle Earth Elementalist began the quest for the
                  | Orb.
     0 | D:1      | Reached XP level 1. HP: 10/10 MP: 3/3
     0 | D:1      | magus.rc [v1.11.3]
    78 | D:1      | You add the spells Kindle Blastsparks, Ignite Poison and
                  | Freezing Cloud to your library.
    88 | D:1      | You pick up a book of Frost and begin reading...
    88 | D:1      | You add the spells Freeze, Frozen Ramparts and Hailstorm to
                  | your library.
   119 | D:1      | Reached skill level 4 in Earth Magic
   133 | D:1      | HP: 2/10 [jackal (3)]
   135 | D:1      | Reached XP level 2. HP: 2/15 MP: 0/5
   139 | D:1      | HP: 3/15 [jackal (1)]
   591 | D:2      | Reached XP level 3. HP: 15/19 MP: 2/6
   594 | D:2      | Learned a level 2 spell: Passwall
   598 | D:2      | Learned a level 3 spell: Stone Arrow
   877 | D:2      | Reached skill level 5 in Earth Magic
   937 | D:2      | Found Pinerr's Assorted Antiques.
   960 | D:2      | Bought a metallic white potion for 17 gold pieces
  1275 | D:3      | Reached XP level 4. HP: 24/24 MP: 6/8
  1610 | D:3      | Found a transporter.
  1625 | D:3      | Noticed julianmaster's ghost (amateur HOSu)
  1667 | D:3      | Found a transporter.
  1693 | D:3      | Noticed Natasha
  1698 | D:3      | Killed Natasha
  1699 | D:3      | Reached skill level 3 in Spellcasting
  1835 | D:3      | Found an ancient bone altar of Kikubaaqudgha.
  1838 | D:3      | Reached skill level 6 in Earth Magic
  1838 | D:3      | Reached XP level 5. HP: 28/28 MP: 4/9
  2043 | D:3      | Noticed Natasha
  2045 | D:3      | Killed Natasha
  2066 | D:3      | Found a runed translucent door.
  2067 | D:3      | Noticed Crazy Yiuf
  2111 | D:3      | Found a stormy altar of Qazlal.
  2111 | D:3      | Noticed a fire elemental
  2114 | D:3      | Noticed a water elemental
  2115 | D:3      | Noticed an air elemental
  2160 | D:3      | Noticed Natasha
  2163 | D:3      | Killed Natasha
  2164 | D:3      | Reached XP level 6. HP: 32/32 MP: 7/11
  2652 | D:4      | Reached skill level 7 in Earth Magic
  2725 | D:4      | Reached skill level 1 in Conjurations
  2830 | D:4      | Reached skill level 4 in Spellcasting
  2830 | D:4      | Reached XP level 7. HP: 36/36 MP: 7/13
  2923 | D:4      | Reached skill level 2 in Conjurations
  3006 | D:4      | Noticed Pikel
  3018 | D:4      | Slain by Pikel

Vanquished Creatures
  An ogre (D:4)
  A centaur (D:4)
  A lemure (D:4)
  A vampire bat (D:3)
  A quasit (D:4)
  A hound (D:4)
  2 iguanas (D:4)
  Natasha (thrice) (D:3)
  3 gnolls (D:3)
  4 adders
  A white imp (D:4)
  3 worms
  2 dart slugs (D:2)
  An orc (D:3)
  6 ball pythons
  A bat skeleton (D:3)
  4 bat zombies (D:3)
  3 endoplasms
  A giant cockroach (D:3)
  5 hobgoblins
  4 jackals (D:1)
  4 bats
  2 frilled lizards
  2 goblins (D:4)
  10 kobolds
  4 rats
71 creatures vanquished.

Vanquished Creatures (others)
  3 demonic plants (D:4)
3 creatures vanquished.

Grand Total: 74 creatures vanquished

Table legend:
 A = Non-vault XP
 B = Vault XP
 C = Vault XP percentage of total XP
 D = Non-vault monster count
 E = Vault monster count
 F = Vault count percentage of total count
                 A         B        C        D         E       F
            +---------+---------+-------+---------+---------+-------
      Total |     556 |     219 |  28.3 |      56 |      14 |  20.0
            +---------+---------+-------+---------+---------+-------
        D:1 |      27 |       0 |   0.0 |      16 |       0 |   0.0
        D:2 |      52 |       0 |   0.0 |      11 |       0 |   0.0
        D:3 |     129 |     125 |  49.2 |      14 |      11 |  44.0
        D:4 |     348 |      94 |  21.3 |      15 |       3 |  16.7
            +---------+---------+-------+---------+---------+-------

Illustrated notes

Table legend:
 A = Kills in this place as a percentage of kills in entire the game.
 B = Kills by you in this place as a percentage of kills by you in the entire game.
 C = Kills by friends in this place as a percentage of kills by friends in the entire game.
 D = Other kills in this place as a percentage of other kills in the entire game.
 E = Experience gained in this place as a percentage of experience gained in the entire game.
 F = Experience gained in this place divided by the number of levels of this place that you have seen.
                   A       B       C       D       E      F
               +-------+-------+-------+-------+-------+----------------------
         Total | 100.0 | 100.0 |   N/A |   N/A | 100.0 | 193.8
       Dungeon | 100.0 | 100.0 |   N/A |   N/A | 100.0 | 193.8
               +-------+-------+-------+-------+-------+----------------------

Table legend: (Time is in decaauts)
 A = Elapsed time spent in this place.
 B = Non-inter-level travel time spent in this place.
 C = Inter-level travel time spent in this place.
 D = Time resting spent in this place.
 E = Time spent auto-exploring this place.
 F = Levels seen in this place.
 G = Mean time per level.
                   A        B        C        D        E       F      G
               +--------+--------+--------+--------+--------+-----+--------+
         Total |   3092 |   3026 |     66 |     91 |   2463 |   4 |  773.0 |
       Dungeon |   3092 |   3026 |     66 |     91 |   2463 |   4 |  773.0 |
               +--------+--------+--------+--------+--------+-----+--------+

Top non-repeatable levels by time:
     D:3: 1258 daAuts
     D:2: 716 daAuts
     D:1: 559 daAuts
     D:4: 558 daAuts
